 Dungeon Crawl Stone Soup version 0.27.1-33-g824d729ab1 (webtiles) character file.

Game seed: 16062720454473995300

643 Miklasmaj123 the Cudgeller (level 7, -5/44 HPs)
             Began as a Gargoyle Fighter on Dec 31, 2021.
             Was an Initiate of Okawaru.
             Slain by a wight (15 damage)
             ... on level 4 of the Dungeon.
             The game lasted 00:08:35 (4872 turns).

Miklasmaj123 the Cudgeller (Gargoyle Fighter)       Turns: 4872, Time: 00:08:36

Health: -5/44      AC: 13    Str: 21    XL:     7   Next: 51%
Magic:  7/7        EV:  7    Int:  9    God:    Okawaru [......]
Gold:   218        SH: 15    Dex:  9    Spells: 6/6 levels left

rFire    + . .     SeeInvis .   a - +0 flail (venom)
rCold    + . .     Faith    .   c - +0 kite shield
rNeg     + . .     Spirit   .   b - +0 scale mail
rPois    ∞         Reflect  +   m - +0 helmet
rElec    +         Harm     .   (no cloak)
rCorr    .         Rampage  .   k - +0 pair of gloves
Will     .....                  (no boots)
Stlth    ..........             j - amulet of reflection
HPRegen  0.14/turn              f - ring of protection from fire
MPRegen  0.10/turn              v - ring of protection from cold

@: no status effects
A: sickness immunity, AC +4, negative energy resistance 1, electricity
resistance, torment resistance 1, petrification resistance
a: Renounce Religion


You were on level 4 of the Dungeon.
You worshipped Okawaru.
Okawaru was noncommittal.
You visited 2 branches of the dungeon, and saw 5 of its levels.
You also visited: Sewer.

You collected 218 gold pieces.

Inventory:

Hand Weapons
 a - a +0 flail of venom (weapon)
Missiles
 g - 3 boomerangs of dispersal
 l - 33 poisoned darts
 o - 5 atropa-tipped darts (quivered)
 p - 2 boomerangs
Armour
 b - a +0 scale mail (worn)
 c - a +0 kite shield (worn)
 k - a +0 pair of gloves (worn)
 m - a +0 helmet (worn)
Jewellery
 f - a ring of protection from fire (left hand)
 j - an amulet of reflection (around neck)
 v - a ring of protection from cold (right hand)
Scrolls
 h - 2 scrolls of blinking
 s - 3 scrolls of summoning
Potions
 d - 2 potions of might
 e - 2 potions of resistance
 i - 2 potions of magic
 n - a potion of curing
 q - 2 potions of haste
 u - a potion of heal wounds
 w - a potion of cancellation {unknown}
 x - a potion of flight {unknown}


   Skills:
 + Level 5.3 Fighting
 * Level 6.0 Maces & Flails
 - Level 3.2 Armour
 + Level 5.4 Shields


You had 6 spell levels left.
You didn't know any spells.
Your spell library contained the following spells:

 Spells                   Type           Power      Damage    Failure   Level
 Corona                   Hex            0%         N/A       98%         1
 Ensorcelled Hibernation  Hex/Ice        0%         N/A       99%         2
 Tukima's Dance           Hex            0%         N/A       100%        3


Dungeon Overview and Level Annotations

Branches:
Dungeon (4/15)             Temple (1/1) D:4           Sewer (visited)

Altars:
Ashenzari
Dithmenos
Elyvilon
Fedhas
Gozag
Kikubaaqudgha
Okawaru
Qazlal
Ru
Sif Muna
Trog
Uskayaw
Vehumet
Wu Jian
Yredelemnul
Zin
The Shining One

Shops:
D:2 (


Innate Abilities, Weirdness & Mutations

You are immune to sickness and miasma.
Your stone body is resilient. (AC +4)
You are immune to poison.
You resist negative energy. (rN+)
You are resistant to electric shocks. (rElec)
You are resistant to unholy torment.
You are immune to petrification.


Message History

Okay, then.
Unknown command. 2 wights come into view.
A wight is wielding a +0 falchion of distortion.
The wight moves out of view.
Items here: )) [[.
You block the wight's attack. The wight hits you but does no damage.
You hit the wight but do no damage. You block the wight's attack.
You hit the wight.
The wight is moderately damaged.
You block the wight's attack. The wight hits you with a +3 battleaxe.
You hit the wight.
The wight is severely damaged.
The wight hits you but does no damage.
You completely miss the wight.
The wight is severely damaged.
The wight hits you with a +3 battleaxe!
You hit the wight.
The wight is almost destroyed.
The wight hits you with a +3 battleaxe! x2
* * * LOW HITPOINT WARNING * * *
You are too injured to fight recklessly!
You are too injured to fight recklessly!
You are too injured to fight recklessly!
You are too injured to fight recklessly!
You are too injured to fight recklessly!
You are too injured to fight recklessly!
You are too injured to fight recklessly!
You are too injured to fight recklessly!
You are too injured to fight recklessly!
You are too injured to fight recklessly!
You are too injured to fight recklessly!
You are too injured to fight recklessly!
You are too injured to fight recklessly!
You are too injured to fight recklessly!
You are too injured to fight recklessly!
You are too injured to fight recklessly!
You feel better. The wight hits you with a +3 battleaxe!
You die...

#.##.# #..
#.##.# #.#
#.##.# #.
#.##.#
#.##.#
#.##.#
#z##.#
#z##.###
#@##...###
#........#
########.#
#.# #.#
#.########
#.........
#.########
#.#


You could see 2 wights.

Vanquished Creatures
  An ogre (D:3)
  A centaur (D:4)
  2 wights (D:4)
  A bullfrog skeleton (D:4)
  A hound (D:4)
  Terence (D:3)
  An iguana (D:4)
  An orc wizard (D:3)
  3 gnolls (D:3)
  8 adders
  5 river rats
  An ufetubus (D:4)
  An adder skeleton (D:4)
  2 worms
  2 dart slugs
  5 orcs (D:3)
  6 ball pythons
  A bat (D:2)
  3 endoplasms
  2 giant cockroaches
  8 goblins
  11 hobgoblins
  8 jackals
  8 kobolds
  3 quokkas
  5 frilled lizards
  9 rats
100 creatures vanquished.

Vanquished Creatures (collateral kills)
  An adder skeleton (D:4)
1 creature vanquished.

Grand Total: 101 creatures vanquished

Notes
Turn   | Place    | Note
-------+----------+-------------------------------------------
     0 | D:1      | Miklasmaj123 the Gargoyle Fighter began the quest for the
                  | Orb.
     0 | D:1      | Reached XP level 1. HP: 14/14 MP: 1/1
   171 | D:1      | Found a faded altar of an unknown god.
   365 | D:1      | Reached XP level 2. HP: 17/19 MP: 2/2
   947 | D:2      | Found Uguxouti's Weapon Boutique.
  1155 | D:2      | Reached XP level 3. HP: 23/23 MP: 3/3
  1437 | D:3      | Noticed Terence
  1445 | D:3      | Killed Terence
  1446 | D:3      | Reached skill level 3 in Maces & Flails
  1514 | D:3      | Reached XP level 4. HP: 26/29 MP: 4/4
  1796 | D:3      | Reached XP level 5. HP: 22/33 MP: 5/5
  1847 | D:3      | Found a glowing drain.
  1870 | D:3      | Reached skill level 4 in Maces & Flails
  1877 | Sewer    | Entered a sewer
  2556 | D:3      | Noticed an ogre
  2565 | D:3      | Killed an ogre
  2566 | D:3      | Reached XP level 6. HP: 5/39 MP: 6/6
  3057 | D:3      | Reached skill level 5 in Maces & Flails
  3122 | D:3      | Found a white marble altar of Elyvilon.
  3129 | D:3      | Found a shimmering blue altar of Sif Muna.
  3129 | D:3      | Found a blossoming altar of Fedhas.
  3140 | D:3      | Found a glowing golden altar of the Shining One.
  3143 | D:3      | Found a shadowy altar of Dithmenos.
  3680 | D:4      | Found a staircase to the Ecumenical Temple.
  3704 | Temple   | Entered the Ecumenical Temple
  4075 | Temple   | Became a worshipper of Warmaster Okawaru
  4261 | D:4      | Reached skill level 5 in Shields
  4261 | D:4      | Reached XP level 7. HP: 43/44 MP: 7/7
  4288 | D:4      | Reached skill level 5 in Fighting
  4688 | D:4      | Reached skill level 6 in Maces & Flails
  4872 | D:4      | Slain by a wight

Illustrated notes

Levels and vault maps discovered:
D:1:      erik_arrival_triangle_small, layout_basic, basic_ecumenical_altar,
          nrook_mini_vaults, minmay_parallelograms,
          ebering_dispersal_statue_hall, glass_columns_c
D:2:      layout_rooms, serial_shops, shop
D:3:      cheibrodos_greedy_goblins, layout_basic,
          minmay_overflow_temple_star_hex, lightli_sewer_entry_pipes,
          serial_bayou_lagoon_a, uniq_terence
D:4:      layout_loops_ring, makhleb_altar_promises_db,
          minmay_temple_entry_ruins
Temple:   minmay_temple_forest_path

Skill      XL: |  1  2  3  4  5  6  7 |
---------------+----------------------+-----
Maces & Flails | 3 4 5 6 |  6.0
Fighting       | 4 5 |  5.3
Shields        | 4 5 |  5.4
Armour         | |  3.2

Action                   |  1- 3 |  4- 6 |  7- 9 || total
-------------------------+-------+-------+-------++-------
Melee: Flail             |    83 |   331 |    46 ||   460
Throw: Dart              |     4 |    19 |       ||    23
  Use: Scroll            |     2 |     8 |       ||    10
       Potion            |       |       |     1 ||     1
Armor: Scale mail        |    40 |   124 |    22 ||   186
Dodge: Dodged            |    29 |    78 |    12 ||   119
Block: Kite shield       |    62 |   269 |    30 ||   361
       Reflection        |       |    11 |       ||    11
